 Dungeon Crawl Stone Soup version 0.27-a0-1591-gc56fcc985a (webtiles) character file.

Game seed: 12606406701403656471

49016 DocSulfur the Grappler (level 14, 0/145 HPs)
             Began as a Purple Draconian Transmuter on July 19, 2021.
             Was a High Priest of Okawaru.
             Slain by a large abomination (24 damage)
             ... on level 2 of the Abyss.
             The game lasted 01:28:25 (26185 turns).

DocSulfur the Grappler (DrTm)                      Turns: 26185, Time: 01:28:26

Health: 0/145      AC:  8    Str: 16    XL:     14   Next: 14%
Magic:  23/23      EV: 13    Int: 15    God:    Okawaru [*****.]
Gold:   1401       SH:  0    Dex: 12    Spells: 15/25 levels left

rFire    x . .     SeeInvis .     - Unarmed
rCold    + + +     Faith    .   (shield currently unavailable)
rNeg     + . .     Spirit   .   (armour unavailable)
rPois    +         Reflect  .   (helmet currently unavailable)
rElec    .         Harm     .   (cloak currently unavailable)
rCorr    .         Rampage  .   (gloves currently unavailable)
Will     ++...                  (boots currently unavailable)
Stlth    +.........             (no amulet)
HPRegen  0.34/turn              y - +4 ring of slaying
MPRegen  0.18/turn              t - ring of positive energy

@: about to teleport, ice-form
A: freezing attack, amphibious, boosted hp, (breathe power), AC +8, large,
unfitting armour, (cold-blooded)
a: End Transformation, Renounce Religion, Heroism, Finesse


You were on level 2 of the Abyss.
You worshipped Okawaru.
Okawaru was extremely pleased with you.
You were a creature of crystalline ice.
You visited 3 branches of the dungeon, and saw 18 of its levels.
You visited the Abyss 1 time.
You also visited: Ice Cave and Volcano.

You collected 1401 gold pieces.

Inventory:

Hand Weapons
 f - a +0 hunting sling
 k - the +2 rapier of Eternal Harmony {speed, Dex+7}
   (You found it on level 4 of the Dungeon)

   Attacks with this weapon are significantly faster.
   Dex:       It affects your dexterity (+7).
 p - a +0 vorpal broad axe
 q - a +1 shortbow of freezing
 x - a +6 flail of holy wrath
 M - a +2 war axe of flaming
Missiles
 m - 80 poisoned darts (quivered)
 X - 3 silver javelins
Armour
 l - a +0 cloak
 u - a +0 pair of boots
 J - a +0 kite shield
 N - the +2 pair of boots of the Yeti {Harm Rampage rCorr}
   (Okawaru gifted it to you on level 11 of the Dungeon)

   rCorr:     It protects you from acid and corrosion.
   Harm:      It increases damage dealt and taken.
   Rampage:   It bestows one free step when moving towards enemies.
 P - a +2 pair of boots of flying (melded)
 Q - a scarf of resistance (melded)
Jewellery
 c - a ring of flight
 t - a ring of positive energy (right front paw)
 y - a +4 ring of slaying (left front paw)
 G - a ring of magical power
Wands
 a - a wand of mindburst (6)
 s - a wand of charming (5)
 E - a wand of iceblast (10)
 F - a wand of flame (54)
 L - a wand of digging (5)
Scrolls
 d - 2 scrolls of blinking
 e - 5 scrolls of amnesia
 n - 4 scrolls of enchant weapon
 r - 3 scrolls of enchant armour {unknown}
 v - 2 scrolls of holy word {unknown}
 A - 2 scrolls of magic mapping
 B - a scroll of summoning {unknown}
 C - 3 scrolls of immolation
 K - a scroll of fog {unknown}
 R - a scroll of acquirement {unknown}
 T - 3 scrolls of identify
 U - a scroll of silence {unknown}
 Y - a scroll of teleportation
Potions
 b - 2 potions of flight
 g - 7 potions of curing
 h - 4 potions of cancellation
 i - 4 potions of haste {unknown}
 j - a potion of mutation
 o - a potion of might
 w - a potion of attraction {unknown}
 z - 3 potions of resistance
 D - a potion of ambrosia {unknown}
 H - 2 potions of lignification
 I - 3 potions of brilliance {unknown}
 O - 2 potions of experience {unknown}
 W - a potion of invisibility {unknown}
 Z - a potion of degeneration {unknown}
Miscellaneous
 S - a piece from Xom's chessboard (15/15)
 V - a phantom mirror


   Skills:
 - Level 10.0 Fighting
 * Level 10.0 Dodging
 * Level 13.2 Unarmed Combat
 - Level 6.0 Spellcasting
 - Level 10.0 Transmutations
 - Level 6.0 Ice Magic
 - Level 3.0 Poison Magic
 - Level 10.8 Invocations


You had 15 spell levels left.
You knew the following spells:

 Your Spells              Type           Power      Damage    Failure   Level
a - Beastly Appendage     Tmut           68%        N/A       1%          1
b - Spider Form           Tmut/Pois      12%        N/A       3%          3
c - Wereblood             Tmut           34%        N/A       1%          2
d - Ice Form              Ice/Tmut       28%        N/A       5%          4

Your spell library contained the following spells:

 Spells                   Type           Power      Damage    Failure   Level
 Passwall                 Tmut/Erth      15%        N/A       2%          2
 Animate Skeleton         Necr           8%         N/A       14%         1
 Apportation              Tloc           8%         N/A       14%         1
 Corona                   Hex            4%         N/A       14%         1
 Summon Small Mammal      Summ           16%        N/A       14%         1
 Slow                     Hex            4%         N/A       22%         2
 Alistair's Intoxication  Tmut/Pois      16%        N/A       28%         5
 Confusing Touch          Hex            4%         N/A       41%         3
 Swiftness                Air            4%         N/A       41%         3
 Vampiric Draining        Necr           2%         2d6       41%         3
 Eringya's Noxious Bog    Tmut/Pois      12%        N/A       83%         6
 Freezing Cloud           Conj/Ice/Air   5%         6-21      87%         5
 Borgnjor's Vile Clutch   Necr/Erth      2%         N/A       99%         5
 Invisibility             Hex            2%         N/A       100%        6
 Simulacrum               Ice/Necr       6%         N/A       100%        6
 Polar Vortex             Ice            11%        N/A       100%        9


Dungeon Overview and Level Annotations

Branches:
Dungeon (12/15)            Temple (1/1) D:4            Lair (5/6) D:11
 Shoals (0/4) Lair:3        Snake (0/4) Lair:4          Orc (0/2) D:11
  IceCv (visited)         Volcano (visited)
  Slime: Lair:5-6

Altars:
Ashenzari
Cheibriados
Dithmenos
Elyvilon
Fedhas
Gozag
Hepliaklqana
Kikubaaqudgha
Makhleb
Nemelex Xobeh
Okawaru
Qazlal
Ru
Sif Muna
Trog
Uskayaw
Vehumet
Wu Jian
Xom
Yredelemnul
Zin
The Shining One

Shops:
D:2 *   D:11 *

Annotations:
Lair:1 exclusion: oklob plant
Lair:5 Sonja


Innate Abilities, Weirdness & Mutations

You are a creature of crystalline ice.
You have a powerful freezing melee attack.
You are amphibious.
Your maximum health is increased.
Your armour is entirely melded.
You are incapable of wielding weapons or throwing items.
((You can breathe bolts of dispelling energy.))
((Your rich purple scales are hard. (AC +8)))
You cannot fit into any form of body armour.
((You are cold-blooded and may be slowed by cold attacks.))


Message History

The living lightning hits you!
The raiju blinks!
You pummel the raiju!! You freeze the raiju!
You kill the raiju!
Okawaru accepts your kill.
Found a scroll of noise.
A jelly comes into view.
An ufetubus comes into view.
A large abomination comes into view.
The ufetubus shouts!
A large abomination comes into view.
The jelly jiggles.
A large abomination comes into view.
You pummel the ufetubus!!
You kill the ufetubus!
Okawaru accepts your kill.
A starcursed mass comes into view.
The starcursed mass shrieks in your mind.
The jelly barely misses you.
A starcursed mass splits.
The jelly hits you but does no damage.
A starcursed mass splits.
Found a gateway leading deeper into the Abyss.
Found 50 gold pieces.
A sun demon comes into view.
The sun demon shouts!
The jelly barely misses you.
You punch the large abomination! You freeze the large abomination.
The large abomination is moderately damaged.
The jelly hits you.
You are splashed with acid!
The jelly hits you.
You are splashed with acid!
The starcursed mass shrieks in your mind.
The large abomination hits you!!
* * * LOW HITPOINT WARNING * * *
A starcursed mass splits.
The large abomination closely misses you.
The large abomination closely misses you.
As you read the scroll of teleportation, it crumbles to dust.
You feel strangely unstable.
You feel the power of the Abyss delaying your translocation!
The large abomination hits you!!
You die...

##>########### ###
.......#.#.#♣≈ #..
.....3.....#..#
..##
.....$..#.#3##..
...#
.......#..XJ##.#..#
...## ###.#XX#....#
##. ###. .#.##Y.#
#.# .#... .#XX#.#
.... #..X....######
..#..###....# .
§#.#.......## #
#.........#.#.# #
..#..##..#..
#######.#..# ###.
..


You could see a starcursed mass and a large abomination.

Vanquished Creatures
  A frost giant (IceCv)
  A stone giant (Volcano)
  4 hydras
  A centaur warrior (D:12)
  2 boulder beetles
  5 two-headed ogres
  7 death yaks
  An orc knight (D:12)
  An ugly thing (IceCv)
  A manticore (D:11)
  A merfolk siren (Lair:3)
  6 elephants
  An ice statue (IceCv)
  A smoke demon (Abyss:2)
  3 black mambas
  3 gargoyles
  9 cane toads
  9 rime drakes (IceCv)
  Psyche (D:8)
  5 komodo dragons
  Maggie (D:10)
  An efreet (Volcano)
  4 trolls
  6 polar bears
  A merfolk (Lair:3)
  A hornet (D:8)
  10 blink frogs
  3 slime creatures
  A raiju (Abyss:2)
  2 small abominations (Abyss:2)
  A vampire (D:11)
  A water elemental (D:11)
  A wraith (D:10)
  7 fire bats (Volcano)
  4 basilisks
  34 yaks
  Eustachio (D:4)
  2 fire elementals (Volcano)
  8 wyverns
  A steam dragon (D:9)
  A vampire mosquito (D:11)
  A large abomination (Abyss:2)
  An acid dragon (D:10)
  5 water moccasins
  2 black bears
  3 orc warriors
  2 ice beasts
  2 sky beasts
  2 necrophages
  7 centaurs
  9 wolves (IceCv)
  2 phantoms
  A kobold brigand (D:11)
  16 bullfrogs
  3 gnoll sergeants
  2 earth elementals (Volcano)
  2 scorpions (D:6)
  8 wights
  An electric eel (Lair:3)
  A crimson imp (Abyss:2)
  2 jellies (D:6)
  4 bullfrog zombies
  7 lava snakes (Volcano)
  5 centaur zombies
  7 orc priests
  A centaur skeleton (D:7)
  4 hounds
  A gnoll shaman (D:5)
  Jessica (D:3)
  4 iguanas
  Terence (D:5)
  Natasha (thrice) (D:3)
  5 orc wizards
  A hound skeleton (D:4)
  A mummy (D:4)
  A howler monkey zombie (D:4)
  10 adders
  22 gnolls
  A shadow imp (D:6)
  2 white imps
  An ufetubus (Abyss:2)
  2 dart slugs
  32 orcs
  2 ball pythons (D:1)
  3 endoplasms
  2 goblins
  4 hobgoblins
  3 jackals (D:3)
  3 quokkas
  6 bats
  A frilled lizard (D:3)
  A hobgoblin zombie (D:4)
  3 kobolds
  A kobold zombie (D:4)
  2 orc zombies (D:4)
  3 rats
376 creatures vanquished.

Vanquished Creatures (others)
  11 fungi
  9 plants
20 creatures vanquished.

Grand Total: 396 creatures vanquished

Notes
Turn   | Place    | Note
-------+----------+-------------------------------------------
     0 | D:1      | DocSulfur the Draconian Transmuter began the quest for the
                  | Orb.
     0 | D:1      | Reached XP level 1. HP: 16/16 MP: 3/3
   176 | D:1      | Reached XP level 2. HP: 14/23 MP: 3/5
   619 | D:1      | Found a faded altar of an unknown god.
  1070 | D:2      | Reached XP level 3. HP: 20/28 MP: 4/6
  1781 | D:2      | Found Evyse's Assorted Antiques.
  2134 | D:3      | Learned a level 3 spell: Spider Form
  2137 | D:3      | Learned a level 2 spell: Wereblood
  2233 | D:3      | Reached skill level 4 in Unarmed Combat
  2380 | D:3      | Noticed Natasha
  2386 | D:3      | Killed Natasha
  2387 | D:3      | Reached XP level 4. HP: 22/35 MP: 5/7
  2550 | D:3      | Noticed Jessica
  2557 | D:3      | Killed Jessica
  2603 | D:3      | Noticed Natasha
  2611 | D:3      | Killed Natasha
  2612 | D:3      | Reached XP level 5. HP: 32/40 MP: 5/8
  2774 | D:4      | Identified the +2 rapier of Eternal Harmony {speed, Dex+7}
  2776 | D:4      | Noticed Eustachio
  2911 | D:3      | Reached skill level 5 in Unarmed Combat
  3044 | D:3      | Noticed Terence
  3125 | D:3      | Reached skill level 1 in Poison Magic
  3349 | D:3      | Reached XP level 6. HP: 30/47 MP: 9/9
  4096 | D:3      | Noticed Natasha
  4122 | D:5      | Entered Level 5 of the Dungeon
  4128 | D:5      | Killed Terence
  4252 | D:3      | HP: 2/47 [Natasha/magic dart (7)]
  4289 | D:3      | Killed Natasha
  4876 | D:4      | Found a staircase to the Ecumenical Temple.
  5049 | D:4      | Reached skill level 5 in Transmutations
  5387 | D:4      | Found a radiant altar of Vehumet.
  5632 | Temple   | Entered the Ecumenical Temple
  5857 | Temple   | Became a worshipper of Warmaster Okawaru
  6337 | D:4      | Killed Eustachio
  6338 | D:4      | Your scales start taking on a rich purple colour.
  6338 | D:4      | Reached XP level 7. HP: 22/52 MP: 10/10
  7172 | D:5      | Found a hazy altar of Hepliaklqana.
  7467 | D:5      | Reached * piety under Okawaru
  7551 | D:5      | Reached skill level 1 in Invocations
  7739 | D:5      | Reached XP level 8. HP: 51/62 MP: 7/11
  7753 | D:5      | Reached skill level 6 in Unarmed Combat
  8016 | D:5      | Reached ** piety under Okawaru
  8460 | D:6      | Reached skill level 7 in Unarmed Combat
  8850 | D:6      | Reached XP level 9. HP: 46/68 MP: 8/12
  8879 | D:6      | Reached *** piety under Okawaru
  8912 | D:6      | Reached skill level 8 in Unarmed Combat
  9339 | D:6      | Reached skill level 5 in Invocations
  9534 | D:6      | Found a white marble altar of Elyvilon.
  9572 | D:6      | Found a bloodstained altar of Trog.
  9601 | D:6      | Reached skill level 9 in Unarmed Combat
  9847 | D:7      | Noticed a gargoyle
 10373 | D:7      | Reached **** piety under Okawaru
 10374 | D:7      | Reached skill level 5 in Dodging
 10385 | D:7      | Found a burning altar of Makhleb.
 10595 | D:7      | Killed a gargoyle
 10717 | D:8      | Noticed Psyche
 10722 | D:8      | Killed Psyche
 10723 | D:8      | Reached XP level 10. HP: 76/80 MP: 11/15
 10734 | D:8      | Found a hide-covered altar of Uskayaw.
 10735 | D:8      | Found a glowing silver altar of Zin.
 10781 | D:8      | Reached skill level 5 in Fighting
 10843 | D:8      | Found a glowing golden altar of the Shining One.
 11241 | D:8      | Reached ***** piety under Okawaru
 11715 | D:9      | Found an ornate altar of the Wu Jian Council.
 11734 | D:9      | You fall into a shaft and drop 1 floor!
 11734 | D:10     | Entered Level 10 of the Dungeon
 12891 | D:10     | Noticed a gargoyle
 12900 | D:10     | Killed a gargoyle
 13094 | D:10     | Noticed a two-headed ogre
 13114 | D:10     | Killed a two-headed ogre
 13396 | D:10     | Noticed Maggie
 13403 | D:10     | Killed Maggie
 13456 | D:10     | Noticed a two-headed ogre
 14210 | D:10     | Killed a two-headed ogre
 14211 | D:10     | Reached XP level 11. HP: 81/95 MP: 12/17
 14459 | D:11     | Noticed a six-headed hydra
 14461 | D:11     | Noticed a boulder beetle
 14832 | D:11     | Identified the +3 spear of Honour {venom, +Blink Int+3
                  | Stlth+}
 14871 | D:11     | Learned a level 4 spell: Ice Form
 14889 | D:11     | Reached skill level 1 in Ice Magic
 14894 | D:11     | Found Tyhogh's Assorted Antiques.
 14943 | D:11     | Noticed a two-headed ogre
 14965 | D:11     | Killed a two-headed ogre
 14965 | D:11     | Received a gift from Okawaru
 15846 | D:11     | Found a staircase to the Lair.
 16112 | D:11     | Found a staircase to the Orcish Mines.
 16146 | D:11     | Killed a boulder beetle
 16458 | D:11     | Identified the +2 pair of boots of the Yeti {Harm Rampage
                  | rCorr} (Okawaru gifted it to you on level 11 of the
                  | Dungeon)
 16458 | D:11     | Received a gift from Okawaru
 16618 | D:11     | Killed a six-headed hydra
 16619 | D:11     | Reached skill level 10 in Fighting
 16732 | D:12     | Noticed a two-headed ogre
 16743 | D:12     | Killed a two-headed ogre
 16880 | D:12     | Noticed a two-headed ogre
 16880 | D:12     | Noticed a centaur warrior
 16965 | D:12     | Found a frozen archway.
 16974 | IceCv    | Entered an ice cave
 17370 | IceCv    | Reached XP level 12. HP: 62/106 MP: 17/19
 17553 | IceCv    | Reached skill level 5 in Spellcasting
 17553 | IceCv    | Noticed a death yak
 17562 | IceCv    | Killed a death yak
 17563 | IceCv    | Reached skill level 5 in Ice Magic
 18068 | IceCv    | Noticed a death yak
 18068 | IceCv    | Noticed a frost giant
 18094 | IceCv    | Killed a frost giant
 18095 | IceCv    | Reached skill level 10 in Transmutations
 18143 | IceCv    | Killed a death yak
 18263 | IceCv    | Received a gift from Okawaru
 18921 | IceCv    | Reached skill level 10 in Unarmed Combat
 19473 | D:12     | Killed a two-headed ogre
 19478 | D:12     | Killed a centaur warrior
 19479 | D:12     | Reached skill level 10 in Invocations
 19805 | D:12     | Noticed a boulder beetle
 19820 | D:12     | Killed a boulder beetle
 20049 | Lair:1   | Entered Level 1 of the Lair of Beasts
 20161 | Lair:1   | Noticed a four-headed hydra
 20341 | Lair:1   | Killed a four-headed hydra
 20342 | Lair:1   | Reached XP level 13. HP: 113/113 MP: 16/22
 20431 | Lair:1   | Reached skill level 11 in Unarmed Combat
 20552 | Lair:1   | Received a gift from Okawaru
 20758 | Lair:1   | Found a dark tunnel.
 20766 | Volcano  | Entered a volcano
 21122 | Volcano  | Found a burning altar of Makhleb.
 21135 | Volcano  | Noticed a stone giant
 21145 | Volcano  | Killed a stone giant
 21154 | Volcano  | Found a burning altar of Makhleb.
 22157 | Lair:2   | Reached skill level 12 in Unarmed Combat
 23342 | Lair:3   | Found a staircase to the Shoals.
 23357 | Lair:3   | Received a gift from Okawaru
 24061 | Lair:4   | Found a staircase to the Snake Pit.
 24173 | Lair:4   | Received a gift from Okawaru
 25415 | Lair:4   | Reached skill level 13 in Unarmed Combat
 25415 | Lair:4   | Reached XP level 14. HP: 121/121 MP: 16/23
 25813 | Lair:5   | Noticed Sonja
 25984 | Lair:5   | Cast into level 2 of the Abyss (Sonja)
 26070 | Abyss:2  | Reached skill level 10 in Dodging
 26165 | Abyss:2  | Noticed a starcursed mass
 26185 | Abyss:2  | Slain by a large abomination

Illustrated notes

Levels and vault maps discovered:
D:1:      shiori_arrival_oz, layout_loops_ring, basic_ecumenical_altar,
          hangedman_decor_growths
D:2:      layout_basic, serial_shops, nicolae_shop_statue_plus,
          kennysheep_generic_room_5
D:3:      layout_basic, uniq_jessica, uniq_terence, uniq_natasha
D:4:      layout_layer_cave, mainiacjoe_overflow_chevrons,
          minmay_temple_entry_statues, kennysheep_small_spiral,
          minmay_mini_ossuary, uniq_eustachio
D:5:      layout_basic, lemuel_crystal_altar, chequers_serial_rivers_micro_c,
          st_stairs_5
D:6:      layout_cave_pools, trog_butcher_becter, lemuel_doored_altar
D:7:      layout_rooms, makhleb_heckhound_becter, kennysheep_dice
D:8:      layout_loops_cross, grunt_temple_overflow_open,
          lemuel_coloured_pillars_altar, uniq_psyche
D:9:      layout_loops_corners, mainiacjoe_overflow_small_starburst
D:10:     minmay_inner_zag, layout_cave_pods, uniq_maggie
D:11:     minmay_skewed_foursquare, layout_basic, david_lair_generic,
          serial_shops, nicolae_diamond_shop
D:12:     layout_long_grid, ebering_ghost_gozag,
          portal_ice_cave_entry_pillars_2, grunt_ministairs_7, uniq_nessos
Temple:   nicolae_temple_figure_eight
Lair:1:   layout_long_grid, lightli_volcano_entry_magma_tube,
          minmay_lair_oklob_chamber
Lair:2:   layout_misc_corridors, lemuel_fruit_fields
Lair:3:   layout_gridlike, elwin_shoals_entry_rooms, lemuel_fruit_tree
Lair:4:   layout_gridlike, dummy_snake_entry, chequers_serial_rivers_micro_b,
          infiniplex_staircase_pool_2
Lair:5:   layout_regular_city, nicolae_slime_entry_slimehenge, serial_forest,
          infiniplex_forest_clump_double, infiniplex_forest_zigzag_1,
          infiniplex_forest_lined_4_way, infiniplex_forest_straight_5,
          infiniplex_forest_straight_2, infiniplex_forest_zigzag_1,
          infiniplex_forest_end_3, infiniplex_forest_clump_tiny,
          infiniplex_forest_lined_2, beast_lair_carwin_6, uniq_sonja,
          uniq_rupert
Abyss:2:  base: D:12, minivault_26, minivault_26

Skill      XL: |  1  2  3  4  5  6  7  8  9 10 11 12 13 14 |
---------------+-------------------------------------------+-----
Transmutations | 3 4 6 9 10 | 10.0
Unarmed Combat | 4 5 7 9 10 13 | 13.2
Poison Magic   | 1 3 |  3.0
Fighting       | 2 4 8 10 | 10.0
Invocations    | 2 4 6 8 10 | 10.8
Dodging        | 2 3 5 6 9 10 | 10.0
Spellcasting   | 3 4 6 |  6.0
Ice Magic      | 4 6 |  6.0

Action                   |  1- 3 |  4- 6 |  7- 9 | 10-12 | 13-15 || total
-------------------------+-------+-------+-------+-------+-------++-------
Melee: Unarmed           |    85 |   181 |   280 |   492 |   343 ||  1381
       Tailslap          |    12 |    15 |    25 |    11 |     8 ||    71
       Kick              |     9 |    28 |    36 |    22 |    16 ||   111
       Headbutt          |     5 |    18 |    26 |    12 |     5 ||    66
       Punch             |       |     2 |     3 |     4 |     3 ||    12
Throw: Dart              |       |       |       |       |     6 ||     6
 Cast: Beastly Appendage |    19 |    35 |    29 |    14 |     5 ||   102
       Spider Form       |       |       |    17 |    44 |     2 ||    63
       Wereblood         |       |       |     1 |     2 |       ||     3
       Ice Form          |       |       |       |    13 |    25 ||    38
Invok: Heroism           |       |       |       |     7 |     3 ||    10
       Finesse           |       |       |       |     6 |     4 ||    10
 Abil: Breathe Dispellin |       |       |     8 |     2 |     3 ||    13
       End Transformatio |       |       |       |     1 |     2 ||     3
Evoke: Wand              |       |       |     1 |     8 |     4 ||    13
  Use: Scroll            |       |     7 |     2 |    13 |     1 ||    23
       Potion            |       |     3 |     1 |     2 |       ||     6
 Stab: Sleeping          |     1 |       |     1 |       |     3 ||     5
Armor: Skin              |    33 |    78 |    78 |    74 |    63 ||   326
Dodge: Dodged            |    66 |   103 |   221 |   475 |   161 ||  1026

Table legend: (Time is in decaauts)
 A = Elapsed time spent in this place.
 B = Non-inter-level travel time spent in this place.
 C = Inter-level travel time spent in this place.
 D = Time resting spent in this place.
 E = Time spent auto-exploring this place.
 F = Levels seen in this place.
 G = Mean time per level.
                   A        B        C        D        E       F      G
               +--------+--------+--------+--------+--------+-----+--------+
         Total |  25988 |  24902 |   1086 |   5721 |  10124 |  21 | 1237.5 |
       Dungeon |  17275 |  16304 |    971 |   3115 |   6900 |  12 | 1439.6 |
        Temple |    286 |    276 |     10 |      0 |    202 |   1 |  286.0 |
          Lair |   5396 |   5291 |    105 |    881 |   2816 |   5 | 1079.2 |
         Abyss |    197 |    197 |      0 |     19 |      0 |   1 |  197.0 |
      Ice Cave |   2384 |   2384 |      0 |   1594 |    206 |   1 | 2384.0 |
       Volcano |    449 |    449 |      0 |    112 |      0 |   1 |  449.0 |
               +--------+--------+--------+--------+--------+-----+--------+

Top non-repeatable levels by time:
     D:3: 2541 daAuts
    D:10: 2472 daAuts
   IceCv: 2384 daAuts
     D:4: 2161 daAuts
    D:11: 1940 daAuts
  Lair:4: 1896 daAuts
  Lair:1: 1550 daAuts
     D:6: 1409 daAuts
  Lair:3: 1253 daAuts
     D:9: 1210 daAuts
     D:2: 1195 daAuts
     D:5: 1194 daAuts
     D:1: 1019 daAuts
     D:7: 801 daAuts
     D:8: 791 daAuts
